Map: Seeds of Aiur

Players

Erfeyah - Winner!

  • Race: Terran Terran
  • Spawn Location: 7:00

VOD

Have the link to the VOD?

Description

Time

  • Played on: Nov. 27, 2017, 3:16 p.m.
  • Length: 27:05
Show
View Real Time Build Order
Export as new Build Order

Erfeyah Terran - Winner!

Build Orders:  

Get SALT Encoding   

  12  0:03  SCV  
  12  0:15  SCV  
  12  0:27  SCV  
  12  0:29  Supply Depot  
  12  0:50  SCV  
  12  1:02  SCV  
  12  1:13  Supply Depot  
  12  1:15  SCV  
  12  1:27  SCV  
  12  1:39  SCV  
  12  1:51  SCV  
  12  2:03  SCV  
  12  2:15  SCV  
  12  2:27  SCV  
  12  2:40  SCV  
  12  2:52  SCV  
  12  3:05  SCV  
  12  3:17  SCV  
  12  3:29  SCV  
  12  3:41  SCV  
  12  3:53  SCV  
  12  4:22  Supply Depot  
  12  4:40  Supply Depot  
  12  4:44  SCV  
  12  4:56  SCV  
  12  5:03  Supply Depot  
  12  5:08  SCV  
  12  5:20  SCV  
  12  5:26  Supply Depot  
  12  5:32  SCV  
  12  5:46  Barracks  
  12  5:50  Supply Depot  
  12  5:51  SCV  
  12  6:05  SCV  
  12  6:13  Supply Depot  
  12  6:18  SCV  
  12  6:30  SCV  
  12  6:36  Supply Depot  
  12  6:43  SCV  
  12  6:47  Marine  
  12  6:58  SCV  
  12  6:59  Supply Depot  
  12  7:05  Marine  
  12  7:10  SCV  
  12  7:23  Supply Depot, Marine  
  12  7:25  SCV  
  12  7:37  SCV  
  12  7:41  Marine  
  12  7:45  Supply Depot  
  12  7:52  SCV  
  12  7:59  Marine  
  12  8:04  SCV  
  12  8:09  Supply Depot  
  12  8:17  SCV, Marine  
  12  8:29  SCV  
  12  8:32  Supply Depot  
  12  8:36  Marine  
  12  8:41  SCV  
  12  8:54  Marine  
  12  8:55  Supply Depot  
  12  9:00  SCV  
  12  9:12  SCV, Marine  
  12  9:18  Supply Depot  
  12  9:24  SCV  
  12  9:29  Marine  
  12  9:36  SCV  
  12  9:47  Marine  
  12  9:48  SCV  
  12  10:00  SCV  
  12  10:05  Marine  
  12  10:12  SCV  
  12  10:26  Marine  
  12  10:30  SCV  
  12  10:51  Marine  
  12  10:59  SCV  
  12  11:11  Orbital Command  
  12  11:19  Marine  
  12  11:37  Marine  
  12  11:38  SCV  
  12  11:50  SCV  
  12  11:57  Marine  
  12  12:02  SCV  
  12  12:18  Marine  
  12  12:26  SCV  
  12  12:46  Marine  
  12  13:04  Marine  
  12  13:21  Marine  
  12  13:24  SCV  
  12  13:36  SCV  
  12  13:39  Marine  
  12  13:48  SCV  
  12  13:57  Marine  
  12  14:00  SCV  
  12  14:15  SCV, Marine  
  12  14:27  SCV  
  12  14:33  Marine  
  12  14:39  SCV  
  12  14:51  Marine  
  12  14:53  SCV  
  12  15:43  SCV, Marine  
  12  15:55  SCV  
  12  16:01  Marine  
  12  16:20  SCV, Barracks  
  12  16:21  Marine  
  12  16:43  SCV  
  12  16:52  Marine  
  12  16:56  SCV  
  12  17:09  Marine  
  12  17:14  SCV  
  12  17:18  Marine  
  12  17:27  SCV  
  12  17:34  Marine  
  12  17:40  SCV  
  12  17:59  SCV, Marine  
  12  18:00  Marine  
  12  18:11  SCV  
  12  18:23  SCV, Marine x2  
  12  18:35  SCV  
  12  18:44  Marine  
  12  18:45  Marine  
  12  18:47  SCV  
  12  18:59  SCV  
  12  19:02  Marine x2  
  12  19:12  SCV  
  12  19:24  SCV  
  12  19:26  Marine x2  
  12  19:36  SCV  
  12  19:47  Marine x2  
  12  19:54  SCV  
  12  20:18  Supply Depot  
  12  20:19  Supply Depot  
  12  20:25  Supply Depot  
  12  20:28  SCV  
  12  20:29  Marine x2  
  12  20:41  SCV  
  12  20:47  Marine x2  
  12  21:00  SCV  
  12  21:07  Marine x2  
  12  21:12  SCV  
  12  21:24  SCV  
  12  21:49  Marine x2  
  12  21:53  SCV, Command Center  
  12  22:20  Marine x2  
  12  22:21  SCV  
  12  22:33  SCV  
  12  22:45  Marine x2  
  12  22:48  SCV  
  12  23:06  Marine x2  
  12  23:10  SCV  
  12  23:11  SCV  
  12  23:26  Marine x2  
  12  23:27  SCV x2  
  12  23:46  SCV  
  12  23:48  SCV  
  12  23:49  Marine  
  12  23:50  Marine  
  12  24:01  SCV  
  12  24:02  SCV  
  12  24:07  Marine  
  12  24:19  SCV x2  
  12  24:25  Marine  
  12  24:28  Marine  
  12  24:32  SCV x2  
  12  24:46  SCV  
  12  24:47  SCV  
  12  24:50  Marine x2  
  12  24:59  SCV  
  12  25:06  SCV  
  12  25:10  Marine  
  12  25:37  Supply Depot  
  12  25:41  Supply Depot  
  12  25:44  Supply Depot  
  12  25:45  Supply Depot  
  12  25:49  Supply Depot  
  12  25:58  Marine x2  
  12  25:59  SCV x2  
  12  26:11  SCV  
  12  26:12  SCV  
  12  26:16  Marine x2  
  12  26:44  Supply Depot  
  12  26:46  SCV  
  12  26:47  SCV, Marine  
  12  27:03  Supply Depot  
Tags
 
Add a new tag
Caveats
  • Supply blocks, unpowered buildings, or Contaminate may cause inaccurate times.
  • Supply counts are checked every 10 seconds.